 Dungeon Crawl Stone Soup version 0.23-a0-577-g2b1de94 (webtiles) character file.

35 Lavandula the Cutter (level 3, 0/21 HPs)
             Began as a Halfling Enchanter on Dec 15, 2018.
             Slain by a big kobold
             ... wielding a cursed -3 short sword
              (3 damage)
             ... in a sewer.
             The game lasted 00:04:19 (874 turns).

Lavandula the Cutter (Halfling Enchanter)            Turns: 874, Time: 00:04:20

Health: 0/21       AC:  2    Str:  9    XL:     3   Next: 52%
Magic:  0/5        EV: 15    Int: 14    God:
Gold:   67         SH:  0    Dex: 14    Spells: 2/5 levels left

rFire    . . .     SeeInvis .   a - +1 dagger
rCold    . . .     Gourm    .   (shield restricted)
rNeg     . . .     Faith    .   b - +0 robe
rPois    .         Spirit   .   (no helmet)
rElec    .         Reflect  .   (no cloak)
rCorr    .         Harm     .   (no gloves)
MR       .....                  (no boots)
Stlth    ++........             (no amulet)
HPRegen  0.07/turn              (no ring)
MPRegen  0.09/turn              (no ring)

@: no status effects
A: small, mutation resistance 1
a: no special abilities


You were in a sewer.
You were hungry.

You visited 1 branch of the dungeon, and saw 3 of its levels.
You also visited: Sewer.

You collected 67 gold pieces.

Inventory:

Hand Weapons
 a - a +1 dagger (weapon)
Missiles
 e - 8 stones (quivered)
Armour
 b - a +0 robe (worn)
Scrolls
 f - 2 scrolls of identify {unknown}
 h - a scroll of enchant armour {unknown}
 j - a scroll of amnesia {unknown}
Potions
 c - a potion of agility {unknown}
 g - a potion of degeneration {unknown}
 i - 2 potions of haste {unknown}
Comestibles
 d - 3 rations
 k - a chunk of flesh


   Skills:
 + Level 3.9 Short Blades
 - Level 2.1 Dodging
 - Level 3.2 Stealth
 - Level 1.5 Spellcasting
 - Level 2.4 Hexes


You had 2 spell levels left.
You knew the following spells:

 Your Spells              Type           Power        Failure   Level  Hunger
a - Corona                Hex            #......      10%         1    ##.....
b - Ensorcelled Hibernat  Hex/Ice        #.....       22%         2    ###....

Your spell library contained the following spells:

 Spells                   Type           Power        Failure   Level  Hunger
 Confuse                  Hex            #.......     28%         3    ####...
 Tukima's Dance           Hex            #.......     28%         3    ####...
 Dazzling Spray           Conj/Hex       #.....       41%         3    ####...


Dungeon Overview and Level Annotations

Branches:
Dungeon (3/15)

Altars:


Innate Abilities, Weirdness & Mutations

You are small and have problems with some larger weapons.
You are somewhat resistant to further mutation.


Message History

a rat skeleton; a rat corpse You aren't carrying any items that you can evoke.
Unknown command.
The kobold shoots a bolt.
The bolt barely misses you.
Casting: Ensorcelled Hibernation (safe; 22% risk of failure)
Confirm with . or Enter, or press ? or * to list all spells.
Aiming: Ensorcelled Hibernation (safe; 22% risk of failure)
Press: ? - help, Shift-Dir - straight line, f/p - big kobold
Aim: a big kobold, wielding a -3 short sword (chance to defeat MR: 36%)
The big kobold looks drowsy...
The helpless big kobold fails to defend itself.
You impale the big kobold!!
The big kobold is severely wounded.
The big kobold hits you but does no damage.
The big kobold hits you with a cursed -3 short sword.
The kobold unwields a +0 hand crossbow.
The kobold wields a +0 whip.
The kobold hits you with a +0 whip.
* * * LOW HITPOINT WARNING * * *
The big kobold hits you with a cursed -3 short sword.
You die...

≈≈≈≈≈≈...#..
≈≈≈≈≈......#
≈≈≈≈≈≈.....
.≈≈≈......#
.≈≈≈.....(##
.≈≈........##
.≈≈≈....K...##
.≈≈≈....K÷#..#
≈≈≈.....@###.#
.≈≈......###∩#
.≈≈≈≈.....####
.≈≈≈......##
.≈≈≈.......#
≈≈≈≈.≈.....##
≈≈≈≈≈≈......#
≈≈≈≈≈.......#
≈≈≈≈≈≈≈.....#


You could see a big kobold and a kobold.

Vanquished Creatures
  A river rat (Sewer)
  A leopard gecko (D:3)
  3 bats
  3 giant cockroaches
  4 kobolds
  4 goblins
  9 rats
25 creatures vanquished.

Notes
Turn   | Place    | Note
-------+----------+-------------------------------------------
     0 | D:1      | Lavandula the Halfling Enchanter began the quest for the
                  | Orb.
     0 | D:1      | Reached XP level 1. HP: 11/11 MP: 3/3
   109 | D:1      | Reached XP level 2. HP: 11/17 MP: 4/4
   114 | D:1      | Learned a level 2 spell: Ensorcelled Hibernation
   766 | D:3      | Reached XP level 3. HP: 15/21 MP: 5/5
   777 | D:3      | Found a glowing drain.
   781 | Sewer    | Entered a sewer
   840 | Sewer    | Noticed a big kobold
   874 | Sewer    | Slain by a big kobold

Vault maps used:
D:1:      dpeg_arrival_prison, corexii_hall_statues_x
D:2:      first_ration, columned_hall_lemuel
D:3:      gup_sewer_entry_bowl
Sewer:    sewer_minmay_treatment

Skill      XL: |  1  2 |
---------------+-------+-----
Short Blades   | 2 3 |  3.9
Dodging        | |  2.1
Stealth        | |  3.2
Spellcasting   | |  1.5
Hexes          | |  2.4

Action                   || total
-------------------------++-------
Melee: Dagger            ||    85
 Cast: Corona            ||     2
       Ensorcelled Hiber ||     6
 Stab: Sleeping          ||     6
Armor: Robe              ||    13
Dodge: Dodged            ||    57

Table legend:
 A = Non-vault XP
 B = Vault XP
 C = Vault XP percentage of total XP
 D = Non-vault monster count
 E = Vault monster count
 F = Vault count percentage of total count
                 A         B        C        D         E       F
            +---------+---------+-------+---------+---------+-------
      Total |      22 |      28 |  56.0 |      14 |      11 |  44.0
            +---------+---------+-------+---------+---------+-------
        D:1 |       9 |       5 |  35.7 |       6 |       4 |  40.0
        D:2 |       4 |       0 |   0.0 |       2 |       0 |   0.0
        D:3 |       9 |       5 |  35.7 |       6 |       2 |  25.0
      Sewer |       0 |      18 | 100.0 |       0 |       5 | 100.0
            +---------+---------+-------+---------+---------+-------
